 Dungeon Crawl Stone Soup version 0.25.0-26-g0c896c7088 (webtiles) character file.

Game seed: 4099795127906584469

2144 Exodus22XD the Poker (level 9, -1/66 HPs)
             Began as a Demonspawn Gladiator on July 4, 2020.
             Was a Follower of Uskayaw.
             Killed from afar by Erica (23 damage)
             ... with a bolt of poison
             ... on level 8 of the Dungeon.
             The game lasted 00:10:09 (6175 turns).

Exodus22XD the Poker (Demonspawn Gladiator)         Turns: 6175, Time: 00:10:10

Health: -1/66      AC: 16    Str: 19    XL:     9   Next: 9%
Magic:  13/13      EV:  9    Int:  9    God:    Uskayaw [*.....]
Gold:   392        SH:  0    Dex: 14    Spells: 8/8 levels left

rFire    . . .     SeeInvis .   a - +0 trident
rCold    . . .     Gourm    .   (no shield)
rNeg     + . .     Faith    .   A - +0 shadow dragon scales
rPois    .         Spirit   .   (helmet restricted)
rElec    .         Reflect  .   n - +0 cloak
rCorr    .         Harm     .   (no gloves)
MR       .....                  b - +1 pair of boots
Stlth    ++++......             y - amulet of regeneration
HPRegen  0.61/turn              C - ring of positive energy
MPRegen  0.13/turn              (no ring)

@: lethally poisoned (-1 -> -5)
A: horns 1, iridescent scales 1, powered by pain 1, spiny 1
a: Stomp, Renounce Religion


You were on level 8 of the Dungeon.
You worshipped Uskayaw.
Uskayaw was noncommittal.
You were not hungry.

You visited 1 branch of the dungeon, and saw 8 of its levels.

You collected 392 gold pieces.

Inventory:

Hand Weapons
 a - a +0 trident (weapon)
Missiles
 d - 4 throwing nets (quivered)
Armour
 b - a +1 pair of boots (worn)
 n - a +0 cloak (worn)
 A - +0 shadow dragon scales (worn)
Jewellery
 y - an amulet of regeneration (around neck)
 C - a ring of positive energy (left hand)
Wands
 m - a wand of random effects (22)
Scrolls
 e - 3 scrolls of enchant weapon {unknown}
 g - 3 scrolls of magic mapping {unknown}
 h - 4 scrolls of blinking
 i - 5 scrolls of teleportation {unknown}
 q - a scroll of fear {unknown}
 r - 6 scrolls of remove curse
 w - a scroll of fog {unknown}
 z - 2 scrolls of identify {unknown}
 D - 2 scrolls of enchant armour {unknown}
Potions
 j - 2 potions of resistance {unknown}
 k - 3 potions of curing
 l - a potion of brilliance {unknown}
 o - 2 potions of ambrosia {unknown}
 p - 2 potions of lignification {unknown}
 s - a potion of stabbing {unknown}
 t - a potion of cancellation {unknown}
 u - a potion of flight {unknown}
 v - 3 potions of berserk rage {unknown}
 x - a potion of magic {unknown}
 B - a potion of heal wounds {unknown}
Comestibles
 c - 3 chunks of flesh
 f - 11 rations


   Skills:
 + Level 4.7 Fighting
 + Level 7.1 Polearms
 + Level 1.7 Throwing
 + Level 3.5 Armour
 + Level 3.6 Dodging
 + Level 4.9 Stealth
 * Level 6.0 Invocations


You had 8 spell levels left.
You didn't know any spells.
Your spell library was empty.

Dungeon Overview and Level Annotations

Branches:
Dungeon (8/15)             Temple (0/1) D:6
   Lair: D:8-11

Altars:
Fedhas
Kikubaaqudgha
Nemelex Xobeh
Okawaru
Uskayaw
Xom

Annotations:
D:8 Erica


Innate Abilities, Weirdness & Mutations

You have a pair of small horns on your head.
You are partially covered in iridescent scales. (AC +2)
You sometimes gain a little power by taking damage.
You are partially covered in sharp spines.


Message History

You feel sick.
Okay, then.
You feel sick.
You feel sick.
You feel sick.
You feel sick.
You feel sick.
You feel sick.
You feel sick.
You feel sick.
You feel sick.
You feel sick.
You feel sick.
You feel sick.
You feel sick.
You hear some strange, mumbled words.
A bolt of poison appears from out of thin air!
The bolt of poison hits you!!
You are more poisoned.
You die...

#.....##.#.#######
##.....##'#.......#
#.............###.#
.......#..{...#
..............#
........g.....#
..............#
.........รท....#
..#####@####+###
..........##.#..
................
#...............
#...............
##########'##......
#...........#.......
#...........#......#
#...........#......+


You could see a gnoll.

Vanquished Creatures
  A water moccasin (D:6)
  2 orc warriors (D:6)
  A black bear (D:6)
  An ice beast (D:7)
  2 sky beasts
  An ogre (D:7)
  2 centaurs (D:7)
  2 bullfrogs (D:7)
  2 scorpions
  A howler monkey (D:7)
  4 crimson imps
  A bullfrog zombie (D:5)
  3 hounds
  3 orc priests
  2 bullfrog skeletons (D:6)
  3 orc wizards
  3 iguanas
  4 worker ants
  A hound zombie (D:6)
  A howler monkey skeleton (D:6)
  12 adders
  3 gnolls (D:5)
  A shadow imp (D:5)
  3 oozes
  3 worms (D:3)
  3 dart slugs
  3 leopard geckos
  18 orcs
  9 bats
  7 giant cockroaches
  5 goblins
  6 hobgoblins
  12 jackals
  6 kobolds
  A quokka (D:5)
  2 ball pythons (D:1)
  6 frilled lizards
  A giant cockroach zombie (D:6)
  A leopard gecko skeleton (D:7)
  A quokka zombie (D:6)
  4 rats
147 creatures vanquished.

Notes
Turn   | Place    | Note
-------+----------+-------------------------------------------
     0 | D:1      | Exodus22XD the Demonspawn Gladiator began the quest for the
                  | Orb.
     0 | D:1      | Reached XP level 1. HP: 16/16 MP: 1/1
   215 | D:1      | Gained mutation: You sometimes gain a little power by
                  | taking damage. [demonic ancestry]
   215 | D:1      | Reached XP level 2. HP: 22/22 MP: 2/2
   318 | D:1      | Reached skill level 3 in Polearms
   600 | D:1      | Reached XP level 3. HP: 28/28 MP: 3/3
   880 | D:1      | Found a sparkling altar of Nemelex Xobeh.
  1836 | D:2      | Reached XP level 4. HP: 32/34 MP: 4/4
  1859 | D:2      | Found a hide-covered altar of Uskayaw.
  1860 | D:2      | Found an iron altar of Okawaru.
  1867 | D:2      | Became a worshipper of Uskayaw the Reveler
  2116 | D:3      | Reached * piety under Uskayaw
  2564 | D:3      | Reached ** piety under Uskayaw
  2567 | D:3      | Reached skill level 1 in Armour
  2655 | D:3      | Found a faded altar of an unknown god.
  2677 | D:3      | Found a shimmering altar of Xom.
  2678 | D:3      | Found a blossoming altar of Fedhas.
  2749 | D:3      | Reached *** piety under Uskayaw
  2880 | D:4      | Reached skill level 4 in Polearms
  2880 | D:4      | Reached skill level 1 in Invocations
  2880 | D:4      | Gained mutation: You are partially covered in sharp spines.
                  | [demonic ancestry]
  2880 | D:4      | Reached XP level 5. HP: 35/40 MP: 4/6
  2886 | D:4      | Reached **** piety under Uskayaw
  3497 | D:4      | Reached XP level 6. HP: 46/46 MP: 7/7
  3764 | D:5      | Entered Level 5 of the Dungeon
  3956 | D:5      | Reached skill level 1 in Stealth
  4045 | D:5      | Reached skill level 5 in Polearms
  4208 | D:5      | Gained mutation: You have a pair of small horns on your
                  | head. [demonic ancestry]
  4208 | D:5      | Reached XP level 7. HP: 41/52 MP: 9/9
  4860 | D:6      | Reached skill level 6 in Polearms
  4860 | D:6      | Reached XP level 8. HP: 53/60 MP: 11/11
  4887 | D:6      | Found a staircase to the Ecumenical Temple.
  4988 | D:6      | Found an iron altar of Okawaru.
  5032 | D:6      | Reached skill level 5 in Invocations
  5512 | D:7      | Found an ancient bone altar of Kikubaaqudgha.
  5743 | D:7      | Gained mutation: You are partially covered in iridescent
                  | scales. (AC +2) [demonic ancestry]
  5743 | D:7      | Reached XP level 9. HP: 66/66 MP: 13/13
  5856 | D:7      | Reached skill level 7 in Polearms
  6137 | D:8      | Noticed Erica
  6175 | D:8      | Killed from afar by Erica

Illustrated notes

Levels and vault maps discovered:
D:1:      wheals_arrival_shading, layout_loops_ring,
          nemelex_diamond_rough_becter
D:2:      layout_loops_ring, chequers_temple_overflow_statue_of_worship,
          first_ration, minmay_misc_feat_hallway, corexii_leaking_fountain
D:3:      layout_rooms, gammafunk_temple_overflow_statue,
          chequers_ecumenical_altar_simple_redux
D:4:      layout_basic
D:5:      layout_cave_pools, guppyfry_early_lair_pool
D:6:      layout_loops_ring, minmay_temple_entry_mist, basic_altar,
          serial_park_tiny_pond, kennysheep_dice
D:7:      layout_basic, kiku_gazebo_pond_becter
D:8:      layout_basic, lair_entry_dummy, grunt_ogre_cave, uniq_pikel,
          uniq_maurice, uniq_erica

Skill      XL: |  1  2  3  4  5  6  7  8  9 |
---------------+----------------------------+-----
Dodging        | 3 |  3.6
Polearms       | 3 4 5 6 7 |  7.1
Armour         | 1 2 3 |  3.5
Invocations    | 1 2 3 4 5 6 |  6.0
Fighting       | 3 4 |  4.7
Stealth        | 1 2 4 |  4.9
Throwing       | |  1.7

Action                   |  1- 3 |  4- 6 |  7- 9 || total
-------------------------+-------+-------+-------++-------
Melee: Trident           |   131 |   220 |   201 ||   552
       Headbutt          |       |       |    38 ||    38
  Use: Potion            |       |       |     3 ||     3
       Scroll            |       |       |     3 ||     3
 Stab: Sleeping          |     1 |     2 |    12 ||    15
       Paralysed         |       |     3 |    11 ||    14
       Distracted        |       |       |     1 ||     1
  Eat: Chunk             |     3 |     8 |     6 ||    17
Armor: Leather armour    |    32 |       |       ||    32
       Scale mail        |     4 |    67 |       ||    71
       Shadow dragon sca |       |     9 |    90 ||    99
Dodge: Dodged            |    61 |    84 |    55 ||   200
